 Dungeon Crawl Stone Soup version 0.18-a0-1220-g2dc6208 (webtiles) character file.

111 Iskender the Insei (level 4, 27/27 HPs)
             Began as a Demigod Transmuter on Feb 3, 2016.
             Quit the game on level 3 of the Dungeon.
             The game lasted 00:16:50 (2503 turns).

Iskender the Insei (Demigod Transmuter)             Turns: 2503, Time: 00:16:50

Health: 27/27      AC:  4    Str: 13    XL:     4   Next: 36%
Magic:  9/9        EV: 12    Int: 17    God:
Gold:   148        SH:  0    Dex: 18    Spells: 3 memorised, 1 level left

rFire  . . .     SeeInvis .       - Unarmed
rCold  . . .     Gourm    .     w - +0 leather armour
rNeg   . . .     Faith    .     (no shield)
rPois  .         Spirit   .     (no helmet)
rElec  .         Dismiss  .     (no cloak)
rCorr  .         Reflect  .     (no gloves)
SustAt +         Harm     .     t - +0 pair of boots (curse)
MR     .....                    (no amulet)
Stlth  +.........               (no ring)
                                (no ring)

@: very slightly contaminated, not resistant to hostile enchantments, very
unstealthy
A: frail 2, high mp 1, sustain attributes
a: no special abilities


You were on level 3 of the Dungeon.
You were not hungry.

You visited 1 branch of the dungeon, and saw 3 of its levels.

You collected 148 gold pieces.

Inventory:

Hand Weapons
 f - a +0 hunting sling
 k - a +0 hunting sling
 o - a +0 spear
 y - a cursed -1 great sword
Missiles
 a - 10 arrows
 h - 64 stones (quivered)
 r - 22 sling bullets
 s - 19 poisoned arrows
Armour
 b - a +0 robe
 t - a cursed +0 pair of boots (worn)
 w - a +0 leather armour (worn)
Scrolls
 e - a scroll of enchant armour
 i - 2 scrolls of recharging
 j - a scroll of remove curse {unknown}
 q - a scroll of fear
 u - a scroll of teleportation
 x - a scroll of immolation {unknown}
Potions
 l - 5 potions of curing {unknown}
 m - a potion of brilliance {unknown}
 n - a potion of invisibility {unknown}
 v - a potion of agility {unknown}
Books
 c - a book of Changes

   Spells                             Type                      Level
   a - Beastly Appendage              Transmutation                1
   b - Sticks to Snakes               Transmutation                2
   c - Spider Form                    Transmutation/Poison         3
   d - Ice Form                       Ice/Transmutation            4
   e - Blade Hands                    Transmutation                5
Comestibles
 d - 3 bread rations
 g - 3 meat rations
 p - 2 slices of pizza


   Skills:
 - Level 0.8 Fighting
 - Level 1.7 Dodging
 + Level 4.8 Unarmed Combat
 - Level 2.0 Spellcasting
 - Level 1.7 Transmutations


You had one spell level left.
You knew the following spells:

 Your Spells              Type           Power        Failure   Level  Hunger
a - Beastly Appendage     Trmt           #.....       14%         1    #......
b - Spider Form           Trmt/Pois      #.........   63%         3    ###....
i - Sticks to Snakes      Trmt           #.......     21%         2    ###....


Dungeon Overview and Level Annotations

Branches:
Dungeon (3/15)


Innate Abilities, Weirdness & Mutations

You have an increased reservoir of magic (+10% MP).
Your attributes are resistant to harm.
You are very frail (-20% HP).


Message History

The hobgoblin hits you.
You barely miss the hobgoblin.
The hobgoblin is severely wounded.
The hobgoblin hits you but does no damage.
You hit the hobgoblin but do no damage.
The hobgoblin is severely wounded.
The hobgoblin hits you but does no damage.
You hit the hobgoblin but do no damage.
The hobgoblin is severely wounded.
The hobgoblin hits you.
You hit the hobgoblin.
You kill the hobgoblin!
No target in view!
You see here a hobgoblin corpse.
Your body shudders with the violent release of wild energies!
You feel frail.
You feel less contaminated with magical energies.
Found a leather armour.
You see here a leather armour.
Are you sure you want to abandon this character and quit the game? (Confirm with "yes".)

#.#.# ##### #.#.# ######.#.#
.......#.# # #####..#.# .
#..#.########################
###............†...............
#....##########################
#.#.## #....@................
#.#.# #.####################
#.#.# # #.#.# ### # #.#.# #.. .
#.#.# #.# # #.#.# #.# # #.#.#
#####.### ###.#.## #........


There were no monsters in sight!

Vanquished Creatures
  2 gnolls (D:2)
  3 adders (D:2)
  A worm (D:2)
  A giant gecko (D:1)
  10 bats
  3 giant cockroaches
  4 goblins (D:1)
  6 hobgoblins
  6 jackals
  7 kobolds
  A ball python (D:2)
  3 giant newts
  9 rats
56 creatures vanquished.

Vanquished Creatures (collateral kills)
  A gnoll (D:2)
1 creature vanquished.

Grand Total: 57 creatures vanquished

Notes
Turn   | Place    | Note
--------------------------------------------------------------
     0 | D:1      | Iskender the Demigod Transmuter began the quest for the Orb.
     0 | D:1      | Reached XP level 1. HP: 15/15 MP: 5/5
   149 | D:1      | Reached skill level 3 in Unarmed Combat
   522 | D:1      | Reached XP level 2. HP: 22/22 MP: 7/7
   534 | D:1      | Learned a level 2 spell: Sticks to Snakes
  1144 | D:2      | Reached XP level 3. HP: 13/27 MP: 6/8
  1250 | D:2      | Found a white marble altar of Elyvilon.
  1261 | D:2      | Reached skill level 4 in Unarmed Combat
  1635 | D:2      | Learned a level 3 spell: Spider Form
  1802 | D:2      | Reached XP level 4. HP: 34/34 MP: 7/9
  2407 | D:3      | Gained mutation: You are frail (-10% HP). [mutagenic glow]
  2479 | D:3      | Gained mutation: You are very frail (-20% HP). [mutagenic glow]
  2503 | D:3      | Quit the game

Vault maps used:
D:1:      minmay_arrival_glassed_features
D:2:      hex_large, small_statue_intersection, elyvilon_altar_1

Action                   |  1- 3 |  4- 6 || total
-------------------------+-------+-------++-------
Melee: Unarmed           |   135 |    60 ||   195
Throw: Stone             |    26 |       ||    26
 Cast: Beastly Appendage |    15 |     4 ||    19
       Sticks to Snakes  |     2 |       ||     2
  Use: Scroll            |     6 |       ||     6
 Stab: Sleeping          |     2 |       ||     2
  Eat: Chunk             |     3 |     3 ||     6
